 Dungeon Crawl Stone Soup version 0.30.1-3-gfc49f6343a (webtiles) character file.

Game seed: 1158224340430105817

143 Rhip the Covered (level 5, -1/47 HPs)
             Began as a Minotaur Fighter on Aug 3, 2023.
             Was a Plaything of Xom.
             Killed by divine providence
             ... invoked by an orc priest
              (13 damage)
             ... on level 3 of the Dungeon.
             The game lasted 00:11:26 (2462 turns).

Rhip the Covered (Minotaur Fighter)                 Turns: 2462, Time: 00:11:30

Health: -1/47      AC:  5    Str: 20    XL:     5   Next: 4%
Magic:  4/4        EV:  9    Int:  3    God:    Xom [.....*]
Gold:   153        SH:  4    Dex: 10    Spells: 4/4 levels left

rFire   . . .        a - +0 long sword
rCold   . . .        c - +0 buckler
rNeg    . . .        b - +1 scale mail
rPois   .            (helmet restricted)
rElec   .            (no cloak)
rCorr   .            (no gloves)
SInv    .            (no boots)
Will    .....        (no amulet) Stlth
                     (no ring)
HPRegen 0.27/turn    (no ring)
MPRegen 0.09/turn

%: no passive effects
@: weak-willed
A: horns 2, retaliatory headbutt, deformed body, dopey 1, weak 1, wild magic 1
a: Renounce Religion


You were on level 3 of the Dungeon.
You worshipped Xom.
You were Xom's teddy bear.
You visited 1 branch of the dungeon, and saw 3 of its levels.

You collected 153 gold pieces.

Inventory:

Hand Weapons
 a - a +0 long sword (weapon)
 h - a +0 dagger
 l - a +2 hand axe of venom
Missiles
 e - 4 javelins (quivered)
 f - 6 poisoned darts
Armour
 b - a +1 scale mail (worn)
 c - a +0 buckler (worn)
Scrolls
 g - a scroll of immolation
 m - a scroll of vulnerability
 n - a scroll of enchant armour
Potions
 d - a potion of might
 i - 2 potions of heal wounds {unknown}
 j - 2 potions of resistance {unknown}
 k - a potion of flight {unknown}
 o - a potion of mutation {unknown}


   Skills:
 + Level 4.6 Fighting
 + Level 3.8 Long Blades
 + Level 4.8 Armour
 + Level 0.7 Dodging
 + Level 4.3 Shields


You had 4 spell levels left.
You didn't know any spells.
Your spell library contained the following spells:

 Spells                   Type           Power      Damage    Failure   Level
 Sting                    Tmut/Pois      0%         1d3       94%         1


Dungeon Overview and Level Annotations

Branches:
Dungeon (3/15)

Altars:
Xom


Innate Abilities, Weirdness & Mutations

You have a pair of horns on your head.
You reflexively headbutt those who attack you in melee.
Armour fits poorly on your strangely shaped body.
You are dopey. (Int -2)
You are weak. (Str -2)
Your spells are a little harder to cast, but a little more powerful.


Message History

You are now Xom's teddy bear.
The orc hits you with a +2 hand axe of venom.
You are poisoned.
You feel sick.
Something barely misses the orc.
You hit the orc.
The orc is heavily wounded.
You feel very sick. You block the orc's attack.
The orc hits you but does no damage.
The orc priest hits the orc with a +0 falchion.
The orc is killed!
You feel sick.
You see here a +2 hand axe of venom.
l - a +2 hand axe of venom You feel sick.
The orc priest calls down the wrath of Beogh upon you.
Beogh smites you!
You strike the helpless orc priest from behind!
You hit the orc priest.
The orc priest is moderately wounded.
You feel sick.
The orc priest hits something with a +0 falchion!
You feel a bit more experienced.
You barely miss the orc priest. You headbutt the orc priest!
The orc priest is almost dead.
You feel sick.
You hear Xom's avuncular chuckle.
The orc priest suddenly stops moving!
The orc priest seems less confused.
The orc priest invokes the aid of Beogh against you.
Beogh smites you!
* * * LOW HITPOINT WARNING * * *
Really read the scroll of vulnerability?
Uppercase [Y]es or [N]o only, please.
Really read the scroll of vulnerability?
As you read the scroll of vulnerability, it crumbles to dust.
Magic quickly surges around you.
You feel sick.
You are no longer poisoned.
The orc priest invokes the aid of Beogh against you.
Beogh smites you!
You die... "This toy is broken."

......ยงยง.........'.#8..8#..'.....
......#####...#.##.........##.#..
.###.## ##.##.###..>....###.##.
.###.# ####.# ##8..8### #.###
.....# #.# ##..## #.... .##### #.##
##'# ##### .# ### #..# #.# .#
##$$$##.# #.# .# #####.8.8.#@#
##.## .# #...#_.$.oo.# ##...#### .#
#.###.8$8.### #.......###### .# #.#
##...# ####............. .# #.#
########.......##.###### .# #.#
#.........#.#.###.# ## #.#
####.###.##.#.# #.# #.# #.#
####.#.###.# #.######.# #.......#


You could see 2 orc priests.

Vanquished Creatures
  5 adders
  A gnoll (D:3)
  2 dart slugs (D:2)
  2 orcs (D:3)
  3 ball pythons
  4 bats
  3 endoplasms
  4 giant cockroaches
  5 goblins
  7 hobgoblins
  9 jackals
  2 quokkas (D:1)
  3 frilled lizards (D:2)
  5 kobolds
  3 rats
58 creatures vanquished.

Vanquished Creatures (collateral kills)
  2 gnolls (D:3)
2 creatures vanquished.

Grand Total: 60 creatures vanquished

Notes
Turn   | Place    | Note
-------+----------+-------------------------------------------
     0 | D:1      | Rhip the Minotaur Fighter began the quest for the Orb.
     0 | D:1      | Reached XP level 1. HP: 19/19 MP: 0/0
   108 | D:1      | Reached XP level 2. HP: 25/27 MP: 1/1
   225 | D:1      | Reached XP level 3. HP: 33/33 MP: 2/2
   301 | D:1      | Found a faded altar of an unknown god.
   307 | D:1      | Got Plato's Catalogue of the Repulsive Shapeshifter
   626 | D:1      | Prayed at the altar of an unknown god.
   626 | D:1      | Became a worshipper of Xom of Chaos
  1001 | D:2      | Reached XP level 4. HP: 40/40 MP: 3/3
  1994 | D:3      | XOM: cloud trail
  2111 | D:3      | XOM: god gift: scroll labelled RUELEM APLEEL {god gift}
  2170 | D:3      | Reached XP level 5. HP: 46/47 MP: 4/4
  2417 | D:3      | XOM: give mutations
  2417 | D:3      | Gained mutation: Your spells are a little harder to cast,
                  | but a little more powerful. [Xom's mischief]
  2417 | D:3      | Gained mutation: Armour fits poorly on your strangely
                  | shaped body. [Xom's mischief]
  2417 | D:3      | Gained mutation: You are dopey. (Int -2) [Xom's mischief]
  2417 | D:3      | Gained mutation: You are weak. (Str -2) [Xom's mischief]
  2455 | D:3      | XOM: confuse monster(s)
  2461 | D:3      | XOM: enchant monster (good)
  2462 | D:3      | Killed from afar by an orc priest

Illustrated notes

Levels and vault maps discovered:
D:1:      ncdulo_watergridlock, layout_rooms,
          shapermc_ecumenical_altar_rom_forum, st_stairs_13
D:2:      layout_loops_cross, kennysheep_generic_room_16
D:3:      layout_loops_corners, st_stairs_6, kennysheep_orc_chapel

Skill      XL: |  1  2  3 |
---------------+----------+-----
Armour         | 4 |  4.8
Fighting       | 4 |  4.6
Shields        | 4 |  4.3
Long Blades    | 3 |  3.8
Dodging        | |  0.7

Action                     |  1- 3 |  4- 6 || total
---------------------------+-------+-------++-------
  Melee: Long sword        |    88 |    47 ||   135
         Headbutt          |    12 |     4 ||    16
    Use: Scroll            |     3 |     4 ||     7
   Stab: Confused          |       |     1 ||     1
 Armour: Scale mail        |    53 |    27 ||    80
  Dodge: Dodged            |    49 |    25 ||    74
  Block: Buckler           |    18 |    14 ||    32
